NCAA
ARIZONA WILDCATS @ MICHIGAN WOLVERINES
05/04/2027
 
TOP OF THE 1ST
Arizona Wildcats batting - Pitching for Michigan Wolverines : RHP Alan Olson
Pitching: RHP Alan Olson
Batting: RHB Jesús Ortíz 0-0: Ball
1-0: Ball
2-0: Called Strike
2-1: Ground out 5-3 (Groundball, 5)
Batting: RHB Donald Fenner 0-0: Ball
1-0: Ball
2-0: SINGLE (Groundball, 56D)
Batting: RHB Arnold Flint 0-0: Ball
1-0: Foul Ball, location: 2F
1-1: Ball
Wild Pitch!
Donald Fenner to second
2-1: Ball
3-1: Base on Balls
Batting: RHB Jake Lawrence 0-0: Called Strike
0-1: Swinging Strike
0-2: Ball
1-2: Strikes out swinging
Batting: RHB Jon Hartley 0-0: Ball
1-0: Fly out, F9 (Flyball, 89M)
Top of the 1st over - 0 run(s), 1 hit(s), 0 error(s), 2 left on base; Arizona 0 - Michigan 0
BOTTOM OF THE 1ST
Michigan Wolverines batting - Pitching for Arizona Wildcats : LHP Bernard Park
Pitching: LHP Bernard Park
Batting: RHB Mark Brewer 0-0: Called Strike
0-1: Foul Ball, location: 2F
0-2: Ball
1-2: Ball
2-2: Ball
3-2: Strikes out swinging
Batting: RHB Bryan Koonts 0-0: Foul Ball, location: 2F
0-1: Swinging Strike
0-2: Strikes out looking
Batting: RHB Bill Davis 0-0: Ball
1-0: Swinging Strike
1-1: Ball
2-1: Foul Ball, location: 2F
2-2: Strikes out swinging
Bottom of the 1st over - 0 run(s), 0 hit(s), 0 error(s), 0 left on base; Arizona 0 - Michigan 0
TOP OF THE 2ND
Arizona Wildcats batting - Pitching for Michigan Wolverines : RHP Alan Olson
Batting: RHB Juan Navarro 0-0: Swinging Strike
0-1: Ball
1-1: Called Strike
1-2: SINGLE (Line Drive, 56D)
Batting: RHB Lúcio Pagán 0-0: Ground out 5-3 (Groundball, 56S)
Juan Navarro to second
Batting: RHB Brian Brown 0-0: Ball
1-0: Ball
2-0: Foul Ball, location: 2F
2-1: Foul Ball, location: 2F
2-2: Ball
3-2: Base on Balls
Batting: RHB Maurice Long 0-0: Called Strike
0-1: Ball
1-1: Foul Ball, location: 2F
1-2: Strikes out swinging
Batting: RHB Jesús Ortíz 0-0: Called Strike
0-1: Swinging Strike
0-2: Fielders Choice at 2nd, 5-4 (Groundball, 5)
Top of the 2nd over - 0 run(s), 1 hit(s), 0 error(s), 1 left on base; Arizona 0 - Michigan 0
BOTTOM OF THE 2ND
Michigan Wolverines batting - Pitching for Arizona Wildcats : LHP Bernard Park
Batting: RHB Jake Brown 0-0: Called Strike
0-1: Ball
1-1: Ball
2-1: Ball
3-1: Foul Ball, location: 2F
3-2: Base on Balls
Batting: RHB Bill Andrews 0-0: Called Strike
0-1: Ball
1-1: Ball
2-1: Ball
3-1: Swinging Strike
3-2: Base on Balls
Jake Brown to second
Batting: RHB Walt Green 0-0: Ball
1-0: DOUBLE (Line Drive, 9LM)
Jake Brown scores
Bill Andrews to third
Runner from 3rd tries for Home, SAFE, no throw
Batting: LHB Leon Malone 0-0: Ball
1-0: Foul Ball, location: 2F
1-1: Ball
2-1: Ball
3-1: Base on Balls
Batting: RHB Andrew Lewis 0-0: Ball
1-0: DOUBLE (Line Drive, 5D)
Walt Green scores
Leon Malone to third
Batting: RHB Rob Burkholder 0-0: Called Strike
0-1: Foul Ball, location: 2F
0-2: Strikes out looking
Batting: RHB Mark Brewer 0-0: Called Strike
0-1: Ball
1-1: Fly out, F7 (Flyball, 7D)
Runner from 3rd tags up, SCORES, no throw
Andrew Lewis to third
Batting: RHB Bryan Koonts 0-0: Called Strike
0-1: Ground out U3 (Groundball, 34)
Bottom of the 2nd over - 4 run(s), 2 hit(s), 0 error(s), 1 left on base; Arizona 0 - Michigan 4
TOP OF THE 3RD
Arizona Wildcats batting - Pitching for Michigan Wolverines : RHP Alan Olson
Batting: RHB Donald Fenner 0-0: Called Strike
0-1: Called Strike
0-2: Strikes out looking
Batting: RHB Arnold Flint 0-0: Ball
1-0: Called Strike
1-1: Called Strike
1-2: Ball
2-2: SINGLE (Line Drive, 8LS)
Batting: RHB Jake Lawrence 0-0: Called Strike
0-1: Foul Ball, location: 2F
0-2: Ball
1-2: Foul Ball, location: 2F
1-2: Ball
2-2: Strikes out looking
Batting: RHB Jon Hartley 0-0: Ball
1-0: Ball
2-0: Ball
3-0: Called Strike
3-1: Base on Balls
Arnold Flint to second
Batting: RHB Juan Navarro 0-0: Ground out 1-3 (Groundball, 15)
Top of the 3rd over - 0 run(s), 1 hit(s), 0 error(s), 2 left on base; Arizona 0 - Michigan 4
BOTTOM OF THE 3RD
Michigan Wolverines batting - Pitching for Arizona Wildcats : LHP Bernard Park
Batting: RHB Bill Davis 0-0: Ball
1-0: Ball
2-0: Ball
3-0: Base on Balls
Batting: RHB Jake Brown 0-0: Ball
1-0: SINGLE (Line Drive, 78M)
Bill Davis to second
Batting: RHB Bill Andrews 0-0: Called Strike
0-1: Ball
1-1: Called Strike
1-2: Foul Ball, location: 2F
1-2: Ball
2-2: Foul Ball, location: 2F
2-2: Strikes out swinging
Batting: RHB Walt Green 0-0: Ball
1-0: Called Strike
1-1: Called Strike
1-2: Strikes out swinging
Batting: LHB Leon Malone 0-0: Foul Ball, location: 2F
0-1: SINGLE (Groundball, 3D)
Bill Davis to third
Jake Brown to second
Runner from 3rd tries for Home, SAFE, no throw
Batting: RHB Andrew Lewis 0-0: Called Strike
0-1: 3-RUN HOME RUN (Flyball, 7D), Distance : 344 ft
Pitching: RHP Kenny Gray
Batting: RHB Rob Burkholder 0-0: SOLO HOME RUN (Flyball, 78XD), Distance : 365 ft
Batting: RHB Mark Brewer 0-0: Called Strike
0-1: Ball
1-1: Reached on error, E4 (Groundball, 4)
Batting: RHB Bryan Koonts 0-0: Called Strike
0-1: Called Strike
Mark Brewer steals 2nd base
0-2: Ground out 4-3 (Groundball, 4M)
Bottom of the 3rd over - 5 run(s), 4 hit(s), 1 error(s), 1 left on base; Arizona 0 - Michigan 9
TOP OF THE 4TH
Arizona Wildcats batting - Pitching for Michigan Wolverines : RHP Alan Olson
Batting: RHB Lúcio Pagán 0-0: Ball
1-0: Fly out, F3 (Line Drive, 3S)
Batting: RHB Brian Brown 0-0: Called Strike
0-1: SOLO HOME RUN (Flyball, 9D), Distance : 366 ft
Batting: RHB Maurice Long 0-0: Ball
1-0: Ball
2-0: Ball
3-0: Called Strike
3-1: Ground out 5-3 (Groundball, 56)
Batting: RHB Jesús Ortíz 0-0: Ball
1-0: Fly out, F8 (Flyball, 8LD)
Top of the 4th over - 1 run(s), 1 hit(s), 0 error(s), 0 left on base; Arizona 1 - Michigan 9
BOTTOM OF THE 4TH
Michigan Wolverines batting - Pitching for Arizona Wildcats : RHP Kenny Gray
Batting: RHB Bill Davis 0-0: Ball
1-0: Swinging Strike
1-1: Ball
2-1: Ground out 4-3 (Groundball, 4)
Batting: RHB Jake Brown 0-0: Called Strike
0-1: Ball
1-1: Ball
2-1: Fly out, F8 (Flyball, 8LM)
Batting: RHB Bill Andrews 0-0: Ball
1-0: SOLO HOME RUN (Flyball, 9D), Distance : 354 ft
Batting: RHB Walt Green 0-0: Swinging Strike
0-1: Ball
1-1: Foul Ball, location: 2F
1-2: Foul Ball, location: 2F
1-2: Ball
2-2: Ball
3-2: Foul Ball, location: 2F
3-2: Foul Ball, location: 2F
3-2: Base on Balls
Batting: LHB Leon Malone 0-0: Ball
1-0: Swinging Strike
1-1: Ball
2-1: Ball
3-1: Called Strike
3-2: Base on Balls
Walt Green to second
Batting: RHB Andrew Lewis 0-0: Ball
1-0: Ball
2-0: Foul Ball, location: 2F
2-1: Ball
3-1: SINGLE (Flyball, 78S)
Walt Green to third
Leon Malone to second
Runner from 3rd tries for Home, SAFE, no throw
Pitching: LHP John Cummings
Batting: RHB Rob Burkholder 0-0: Foul Ball, location: 2F
0-1: Ball
1-1: Ball
2-1: Foul Ball, location: 2F
2-2: Fly out, F7 (Flyball, 78S)
Bottom of the 4th over - 2 run(s), 2 hit(s), 0 error(s), 2 left on base; Arizona 1 - Michigan 11
TOP OF THE 5TH
Arizona Wildcats batting - Pitching for Michigan Wolverines : RHP Alan Olson
Batting: RHB Donald Fenner 0-0: Foul Ball, location: 2F
0-1: Ball
1-1: Fly out, F4 (Popup, 34)
Batting: RHB Arnold Flint 0-0: Ball
1-0: SINGLE (Groundball, 56D)
Batting: RHB Jake Lawrence 0-0: Ball
1-0: SINGLE (Groundball, 6D)
Arnold Flint to second
Batting: RHB Jon Hartley 0-0: Ball
1-0: Ball
2-0: Ball
3-0: Base on Balls
Arnold Flint to third
Jake Lawrence to second
Batting: RHB Juan Navarro 0-0: Foul Ball, location: 2F
0-1: Ball
1-1: Foul Ball, location: 2F
1-2: DOUBLE (Groundball, 5L)
Arnold Flint scores
Jake Lawrence scores
Jon Hartley to third
Pitching: RHP Chase Stanley
Batting: RHB Lúcio Pagán 0-0: Swinging Strike
0-1: Called Strike
0-2: Ball
1-2: Foul Ball, location: 2F
1-2: Foul Ball, location: 2F
1-2: Foul Ball, location: 2F
1-2: Ball
2-2: Fly out, F8 (Flyball, 8LM)
Runner from 3rd tags up, SCORES, no throw
Batting: RHB Brian Brown 0-0: Fly out, F9 (Flyball, 9LM)
Top of the 5th over - 3 run(s), 3 hit(s), 0 error(s), 1 left on base; Arizona 4 - Michigan 11
BOTTOM OF THE 5TH
Michigan Wolverines batting - Pitching for Arizona Wildcats : LHP John Cummings
Batting: RHB Mark Brewer 0-0: Ball
1-0: Foul Ball, location: 2F
1-1: Ball
2-1: Ball
3-1: Called Strike
3-2: Strikes out swinging
Batting: RHB Bryan Koonts 0-0: Foul Ball, location: 2F
0-1: Swinging Strike
0-2: Strikes out looking
Batting: RHB Bill Davis 0-0: Called Strike
0-1: Foul Ball, location: 2F
0-2: Strikes out swinging
Bottom of the 5th over - 0 run(s), 0 hit(s), 0 error(s), 0 left on base; Arizona 4 - Michigan 11
TOP OF THE 6TH
Arizona Wildcats batting - Pitching for Michigan Wolverines : RHP Chase Stanley
Batting: RHB Maurice Long 0-0: Ball
1-0: SOLO HOME RUN (Flyball, 78XD), Distance : 368 ft
Batting: RHB Jesús Ortíz 0-0: Ball
1-0: Foul Ball, location: 2F
1-1: Called Strike
1-2: Ball
2-2: Ball
3-2: Foul Ball, location: 2F
3-2: Base on Balls
Batting: RHB Donald Fenner 0-0: Called Strike
0-1: Fly out, F8 (Line Drive, 78M)
Batting: RHB Arnold Flint 0-0: Called Strike
0-1: Swinging Strike
0-2: Foul Ball, location: 2F
0-2: Ball
1-2: Strikes out looking
Batting: RHB Jake Lawrence 0-0: Called Strike
Jesús Ortíz steals 2nd base
0-1: Ball
1-1: Foul Ball, location: 2F
1-2: Foul Ball, location: 2F
1-2: Strikes out swinging
Top of the 6th over - 1 run(s), 1 hit(s), 0 error(s), 1 left on base; Arizona 5 - Michigan 11
BOTTOM OF THE 6TH
Michigan Wolverines batting - Pitching for Arizona Wildcats : LHP John Cummings
Batting: RHB Jake Brown 0-0: Called Strike
0-1: Fly out, F7 (Line Drive, 7LM)
Batting: RHB Bill Andrews 0-0: Ball
1-0: Fly out, F9 (Line Drive, 9D)
Batting: RHB Walt Green 0-0: Ball
1-0: Ball
2-0: Ball
3-0: Called Strike
3-1: Fly out, F8 (Flyball, 8LS)
Bottom of the 6th over - 0 run(s), 0 hit(s), 0 error(s), 0 left on base; Arizona 5 - Michigan 11
TOP OF THE 7TH
Arizona Wildcats batting - Pitching for Michigan Wolverines : RHP Chase Stanley
Batting: RHB Jon Hartley 0-0: Called Strike
0-1: Swinging Strike
0-2: Strikes out swinging
Batting: RHB Juan Navarro 0-0: Ball
1-0: Foul Ball, location: 2F
1-1: Foul Ball, location: 2F
1-2: Ground out 5-3 (Groundball, 56S)
Batting: RHB Lúcio Pagán 0-0: Ball
1-0: Ball
2-0: Ball
3-0: Base on Balls
Batting: RHB Brian Brown 0-0: Ball
1-0: Ball
2-0: Foul Ball, location: 2F
2-1: SINGLE (Groundball, 56D)
Lúcio Pagán to second
Batting: RHB Maurice Long 0-0: Called Strike
0-1: Ball
1-1: SINGLE (Flyball, 9S)
Lúcio Pagán to third
Brian Brown to second
Runner from 3rd tries for Home, SAFE, no throw
Batting: RHB Jesús Ortíz 0-0: Ball
1-0: Fielders Choice at 2nd, 4-6 (Groundball, 4)
Top of the 7th over - 1 run(s), 2 hit(s), 0 error(s), 1 left on base; Arizona 6 - Michigan 11
BOTTOM OF THE 7TH
Michigan Wolverines batting - Pitching for Arizona Wildcats : LHP John Cummings
Batting: LHB Leon Malone 0-0: Ball
1-0: Ball
2-0: Called Strike
2-1: Fly out, F9 (Flyball, 9)
Batting: RHB Andrew Lewis 0-0: Called Strike
0-1: SINGLE (Groundball, 6MD)
Batting: RHB Rob Burkholder 0-0: SINGLE (Line Drive, 56D)
Andrew Lewis to second
Batting: RHB Mark Brewer 0-0: Swinging Strike
0-1: 3-RUN HOME RUN (Flyball, 7D), Distance : 355 ft
Pitching: LHP John Keller
Batting: RHB Bryan Koonts 0-0: Ball
1-0: Foul Ball, location: 2F
1-1: Called Strike
1-2: Ball
2-2: Fly out, F8 (Flyball, 8RD)
Batting: RHB Bill Davis 0-0: Called Strike
0-1: Ball
1-1: Foul Ball, location: 2F
1-2: Ball
2-2: Foul Ball, location: 2F
2-2: Foul Ball, location: 2F
2-2: Foul Ball, location: 2F
2-2: Foul Ball, location: 2F
2-2: Foul Ball, location: 2F
2-2: Hit by Pitch
Batting: RHB Jake Brown 0-0: Foul Ball, location: 2F
0-1: Called Strike
0-2: Ball
1-2: Ball
2-2: Foul Ball, location: 2F
2-2: Strikes out swinging
Bottom of the 7th over - 3 run(s), 3 hit(s), 0 error(s), 1 left on base; Arizona 6 - Michigan 14
TOP OF THE 8TH
Arizona Wildcats batting - Pitching for Michigan Wolverines : RHP Chase Stanley
Now at C: Salvador Castro
Batting: RHB Donald Fenner 0-0: Ball
1-0: Ball
2-0: Called Strike
2-1: Ball
3-1: Foul Ball, location: 2F
3-2: Base on Balls
Batting: RHB Arnold Flint 0-0: Ball
1-0: Ball
2-0: Foul Ball, location: 2F
2-1: Foul Ball, location: 2F
2-2: Ball
3-2: Foul Ball, location: 2F
3-2: Foul Ball, location: 2F
3-2: Strikes out swinging
Batting: RHB Jake Lawrence 0-0: Ball
1-0: Swinging Strike
1-1: Ball
2-1: Foul Ball, location: 2F
2-2: Foul Ball, location: 2F
2-2: Ball
3-2: Base on Balls
Donald Fenner to second
Batting: RHB Jon Hartley 0-0: Ball
1-0: Swinging Strike
1-1: Called Strike
1-2: Fly out, F8 (Flyball, 8LM)
Batting: RHB Juan Navarro 0-0: Ball
1-0: Ball
2-0: Swinging Strike
2-1: Ball
3-1: Foul Ball, location: 2F
3-2: SINGLE (Groundball, 6MD)
Donald Fenner to third
Jake Lawrence to second
Donald Fenner scores
Jake Lawrence to third
Pitching: RHP Jorge Báez
Batting: RHB Lúcio Pagán 0-0: Foul Ball, location: 2F
0-1: Foul Ball, location: 2F
0-2: Fielders Choice at 2nd, 6-4 (Groundball, 6)
Top of the 8th over - 1 run(s), 1 hit(s), 0 error(s), 1 left on base; Arizona 7 - Michigan 14
BOTTOM OF THE 8TH
Michigan Wolverines batting - Pitching for Arizona Wildcats : LHP John Keller
Batting: RHB Bill Andrews 0-0: Ball
1-0: Called Strike
1-1: Foul Ball, location: 2F
1-2: Foul Ball, location: 2F
1-2: Ball
2-2: Ball
3-2: Base on Balls
Batting: RHB Walt Green 0-0: SINGLE (Groundball, 25) (infield hit)
Bill Andrews to second
Batting: LHB Leon Malone 0-0: Ball
1-0: Ball
2-0: Called Strike
2-1: Swinging Strike
2-2: Foul Ball, location: 2F
2-2: Foul Ball, location: 2F
2-2: Strikes out swinging
Batting: RHB Andrew Lewis 0-0: Fly out, F9 (Flyball, 9)
Runner from 2nd tags up, SAFE at 3rd with throw
Batting: RHB Rob Burkholder 0-0: Ball
1-0: Fly out, F9 (Flyball, 9)
Bottom of the 8th over - 0 run(s), 1 hit(s), 0 error(s), 2 left on base; Arizona 7 - Michigan 14
TOP OF THE 9TH
Arizona Wildcats batting - Pitching for Michigan Wolverines : RHP Jorge Báez
Batting: RHB Brian Brown 0-0: Called Strike
0-1: SINGLE (Groundball, 34D)
Batting: RHB Maurice Long 0-0: Ball
1-0: Called Strike
1-1: Called Strike
1-2: Ball
2-2: Strikes out swinging
Batting: RHB Jesús Ortíz 0-0: Foul Ball, location: 2F
0-1: Swinging Strike
0-2: 2-RUN HOME RUN (Flyball, 9D), Distance : 347 ft
Batting: RHB Donald Fenner 0-0: Foul Ball, location: 2F
0-1: Swinging Strike
0-2: Ground out 1-3 (Groundball, 15S)
Batting: RHB Arnold Flint 0-0: Called Strike
0-1: Swinging Strike
0-2: Ball
1-2: Ball
2-2: Strikes out swinging
Top of the 9th over - 2 run(s), 2 hit(s), 0 error(s), 0 left on base; Arizona 9 - Michigan 14
Thursday, March 30th, 2017 - OOTP Baseball 17.12 Build 75